 Dungeon Crawl Stone Soup version 0.13-a0-3016-gcb2faac (webtiles) character file.

2162 4tharraofdagon the Digger (level 9, -8/81 HPs)
             Began as a Mottled Draconian Earth Elementalist on Sept 11, 2013.
             Was a Believer of Makhleb.
             Mangled by a black mamba (11 damage)
             ... on Level 1 of the Lair of Beasts.
             The game lasted 00:22:02 (3351 turns).

4tharraofdagon the Digger (DrEE)                    Turns: 3351, Time: 00:22:02

HP  -8/81        AC  9     Str 12      XL: 9   Next:  1%
MP  15/19        EV 15     Int 17      God: Makhleb [**....]
Gold 174         SH  0     Dex 10      Spells:  4 memorised,  5 levels left

Res.Fire  : . . .   See Invis. : +   b - 23 stones
Res.Cold  : . . .   Warding    : .   (armour unavailable)
Life Prot.: . . .   Conserve   : .   (no shield)
Res.Poison: .       Res.Corr.  : .   H - +2 wizard hat
Res.Elec. : .       Clarity    : .   (no cloak)
Sust.Abil.: . .     Spirit.Shd : .   (no gloves)
Res.Mut.  : .       Stasis     : .   (no boots)
Res.Rott. : .       Flight     : .   (no amulet)
Saprovore : . . .                    g - ring of see invisible
                                     M - +3 ring of evasion

@: short of breath, mildly poisoned, slightly resistant to hostile enchantments,
unstealthy
A: breathe sticky flames, unfitting armour, large and strong wings, +20% hp, AC
+7, Dex -2
a: Breathe Sticky Flame, Fly, Minor Destruction, Renounce Religion


You were on level 1 of the Lair of Beasts.
You worshipped Makhleb.
Makhleb was greatly pleased with you.
You were not hungry.

You visited 3 branches of the dungeon, and saw 12 of its levels.

You collected 154 gold pieces.

Inventory:

Hand weapons
 f - the cursed +3,+2 long sword of Courage {pain, SInv}
   (You found it on level 6 of the Dungeon)

   In the hands of one skilled in necromantic magic, it inflicts extra damage on
   living creatures.
   It enhances your eyesight.
   It has a curse placed upon it.
 r - the +2,+8 dagger of the Candle {freeze, Str+4}
   (You found it on level 6 of the Dungeon)

   It has been specially enchanted to freeze those struck by it, causing extra
   injury to most foes and up to double damage against particularly susceptible
   opponents.
   It can also slow down cold-blooded creatures.
   It affects your strength (+4).
 x - a +2,+2 hand axe
 B - a +1,+0 spear
 C - a +1,+1 orcish dagger of protection
Missiles
 b - 23 stones (in hand)
Armour
 H - a +2 wizard hat (worn)
Magical devices
 v - a wand of frost (17)
 w - a wand of random effects (6) {unknown}
 E - a wand of flame (20) {unknown}
 K - a wand of frost (7)
Comestibles
 a - 4 bread rations
 i - an apple
 t - a beef jerky
 A - 2 meat rations
 L - 2 rotting chunks of troll flesh
 O - a chunk of hound flesh
Scrolls
 k - 2 scrolls of random uselessness {unknown}
 l - 3 scrolls of remove curse
 n - 3 scrolls of teleportation {unknown}
 o - a scroll of curse armour {unknown}
 p - 2 scrolls of noise {unknown}
 y - a scroll of enchant weapon I {unknown}
 G - a scroll of fog {unknown}
 I - a scroll of recharging {unknown}
 J - a scroll of fear {unknown}
Jewellery
 c - an uncursed ring of fire
 g - a ring of see invisible (right hand)
 u - an uncursed ring of flight
 M - a +3 ring of evasion (left hand)
Potions
 e - a potion of restore abilities
 h - a potion of degeneration
 j - a potion of magic
 m - a potion of confusion
 s - 3 potions of resistance
 D - a potion of paralysis
 P - a potion of brilliance {unknown}
 R - 2 potions of mutation
Books
 d - a book of Geomancy

   Spells                             Type                      Level
   *Sandblast                         Earth                        1
   *Stoneskin                         Transmutation/Earth          2
   Passwall                           Transmutation/Earth          3
   *Stone Arrow                       Conjuration/Earth            3
   Petrify                            Transmutation/Earth          4
   *Lee's Rapid Deconstruction        Earth                        5
 q - a book of the Warp

   Spells                             Type                      Level
   Recall                             Summoning/Translocation      3
   Control Teleport                   Charms/Translocation         4
   Phase Shift                        Translocation                5
   Warp Weapon                        Charms/Translocation         5
   Dispersal                          Translocation                6
   Controlled Blink                   Translocation                7
   Disjunction                        Translocation                8
 Q - a book of Fire

   Spells                             Type                      Level
   Fire Brand                         Charms/Fire                  2
   Ignite Poison                      Fire/Transmutation           5
   Fireball                           Conjuration/Fire             5
   Bolt of Fire                       Conjuration/Fire             6
   Delayed Fireball                   Conjuration/Fire             7
   Ring of Flames                     Charms/Fire                  7
Magical staves
 F - an uncursed staff of energy


   Skills:
 + Level 5.0 Fighting
 - Level 1.7 Dodging
 - Level 1.7 Stealth
 * Level 6.6 Unarmed Combat
 + Level 4.1 Spellcasting
 + Level 2.8 Transmutations
 * Level 7.0 Earth Magic


You had 5 spell levels left.
You knew the following spells:

 Your Spells              Type           Power        Failure   Level  Hunger
a - Sandblast             Erth           ####..       1%          1    None
b - Lee's Rapid Deconstr  Erth           ####......   24%         5    #####..
c - Stone Arrow           Conj/Erth      ###...       12%         3    ###....
d - Stoneskin             Trmt/Erth      ###.......   3%          2    ##.....


Dungeon Overview and Level Annotations

Branches:
Dungeon (10/27)            Temple (1/1) D:5            Lair (1/8) D:10
    Orc: D:6-11

Altars:
Ashenzari
Cheibriados
Elyvilon
Makhleb
Nemelex Xobeh
Trog
Vehumet
Xom
Yredelemnul
Zin

Annotations:
Lair:1 bronies4ever's ghost, experienced DjFE


Innate Abilities, Weirdness & Mutations

You can spit globs of burning liquid.
You can ignite nearby creatures when you spit burning liquid.
Your weird mottled scales are hard (AC +7).
Your body does not fit into most forms of armour.
Your cold-blooded metabolism reacts poorly to cold.
Your wings are large and strong.
You are clumsy. (Dex -2)
You are very robust (+20% HP).


Message History

The giant frog hits you but does no damage.
The black mamba bites you!
* * * LOW HITPOINT WARNING * * *
You are poisoned.
The black mamba poisons you!
Drink which item? (? for menu, Esc to quit)
You feel better. The giant frog closely misses you.
The black mamba barely misses you. The black mamba bites you.
* * * LOW HITPOINT WARNING * * *
You are poisoned.
The black mamba poisons you! The giant frog closely misses you.
Unknown command.
Read which item? (? for menu, Esc to quit)
As you read the scroll labeled SOCIDE TROODAB, it crumbles to dust.
Use on which item? (\ to view known items) (? for menu, Esc to quit)
Nothing appears to happen.
* * * LOW HITPOINT WARNING * * *
You feel sick. The black mamba misses you. The giant frog barely misses you.
The black mamba bites you!
You die...

♣♣♣♣♣♣♣♣♣♣♣♣♣♣♣♣♣♣♣♣♣♣♣♣....♣
♣....♣♣♣♣♣♣♣....♣♣♣♣♣♣♣..♣♣
.♣♣♣....♣♣...♣♣..........♣♣
♣♣♣♣♣♣♣...♣♣♣♣♣♣♣♣♣♣♣...♣♣♣
♣♣♣♣♣♣♣♣♣♣♣♣♣♣♣♣♣♣♣♣♣...♣♣♣♣♣
♣ ♣♣♣♣♣♣♣ ♣♣♣♣♣♣♣.....♣♣
♣♣♣♣♣♣....♣♣♣♣.♣♣
♣♣♣♣...♣♣♣♣♣♣♣♣. ♣♣S@..♣♣♣♣♣♣
♣♣..tF.♣♣♣♣♣ ♣....♣♣♣♣♣♣♣
♣..♣♣♣♣♣♣♣ ..♣


You could see a black mamba, a crocodile and a giant frog.

Vanquished Creatures
  A troll (D:9)
  A hill giant zombie (D:8)
  2 ogres (D:6)
  A crocodile (Lair:1)
  2 sky beasts (D:5)
  2 centaurs
  Duvessa (D:8)
  3 giant frogs
  A giant frog zombie (D:5)
  5 wights (D:6)
  Dowan (D:8)
  A crimson imp (D:5)
  3 hounds
  A jelly (D:5)
  A giant frog skeleton (D:7)
  An orc priest (D:6)
  2 orc wizards
  A worker ant (D:7)
  A sky beast zombie (D:5)
  A mummy (D:10)
  A worker ant zombie (D:6)
  2 giant mites
  A green rat (Lair:1)
  5 adders
  A scorpion zombie (D:5)
  3 giant geckos
  An ooze (D:1)
  22 orcs
  8 bats
  A bat skeleton (D:8)
  2 giant cockroaches
  7 goblins
  6 hobgoblins
  4 jackals
  7 kobolds
  3 quokkas
  A giant newt (D:1)
  A quokka skeleton (D:6)
  6 rats
  A rat zombie (D:6)
115 creatures vanquished.

Notes
Turn   | Place    | Note
--------------------------------------------------------------
     0 | D:1      | 4tharraofdagon, the Draconian Earth Elementalist, began the quest for the Orb.
     0 | D:1      | Reached XP level 1. HP: 14/14 MP: 3/3
    95 | D:1      | Reached XP level 2. HP: 10/20 MP: 0/4
   114 | D:1      | Reached skill level 1 in Unarmed Combat
   136 | D:1      | Reached skill level 1 in Fighting
   416 | D:3      | Reached XP level 3. HP: 22/26 MP: 3/6
   587 | D:4      | HP: 1/26 [scorpion (8)]
   631 | D:4      | Reached XP level 4. HP: 12/33 MP: 0/7
   798 | D:5      | Entered Level 5 of the Dungeon
   860 | D:5      | Found a staircase to the Ecumenical Temple.
   870 | Temple   | Entered the Ecumenical Temple
   879 | Temple   | Became a worshipper of Makhleb the Destroyer
   953 | D:5      | Noticed a sky beast
   995 | D:5      | Killed a sky beast
   995 | D:5      | Reached skill level 4 in Earth Magic
   995 | D:5      | Reached XP level 5. HP: 16/39 MP: 0/9
  1054 | D:4      | Learned a level 5 spell: Lee's Rapid Deconstruction
  1110 | D:5      | Noticed a sky beast
  1123 | D:5      | Killed a sky beast
  1123 | D:5      | Reached XP level 6. HP: 2/47 MP: 0/11
  1149 | D:5      | Gained mutation: You are robust (+10% HP). [mutagenic meat]
  1328 | D:5      | Learned a level 3 spell: Stone Arrow
  1728 | D:6      | Acquired Makhleb's first power
  1773 | D:6      | Gained mutation: You are clumsy. (Dex -2) [potion of mutation]
  1773 | D:6      | Gained mutation: Your wings are large and strong. [potion of mutation]
  1773 | D:6      | Gained mutation: You are very robust (+20% HP). [potion of mutation]
  1833 | D:6      | Got a shimmering long sword
  1871 | D:6      | Your scales start taking on a weird mottled pattern.
  1871 | D:6      | Reached XP level 7. HP: 45/62 MP: 7/13
  1874 | D:6      | Reached skill level 5 in Earth Magic
  2006 | D:6      | Found a burning altar of Makhleb.
  2239 | D:6      | Identified the cursed long sword of Courage {pain, SInv} (You found it on level 6 of the Dungeon)
  2324 | D:6      | HP: 3/63 [wight/battleaxe (12)]
  2324 | D:6      | HP: 1/63 [wight/battleaxe (2)]
  2330 | D:6      | Reached skill level 5 in Unarmed Combat
  2400 | D:6      | Got a crude dagger
  2401 | D:6      | Identified the dagger of the Candle {freeze, Str+4} (You found it on level 6 of the Dungeon)
  2493 | D:6      | Acquired Makhleb's second power
  2547 | D:7      | Learned a level 2 spell: Stoneskin
  2591 | D:7      | Reached skill level 6 in Earth Magic
  2591 | D:7      | Reached XP level 8. HP: 65/72 MP: 14/16
  2704 | D:8      | Noticed Duvessa
  2707 | D:8      | Noticed Dowan
  2716 | D:8      | Killed Duvessa
  2719 | D:8      | Killed Dowan
  2960 | D:9      | Found a basalt altar of Yredelemnul.
  2988 | D:9      | Noticed a troll
  3007 | D:9      | Killed a troll
  3166 | D:10     | Entered Level 10 of the Dungeon
  3175 | D:10     | Found a staircase to the Lair.
  3186 | Lair:1   | Entered Level 1 of the Lair of Beasts
  3201 | Lair:1   | Noticed bronies4ever's ghost (experienced DjFE)
  3297 | Lair:1   | Reached skill level 5 in Fighting
  3330 | Lair:1   | Reached skill level 7 in Earth Magic
  3340 | Lair:1   | Noticed a black mamba
  3341 | Lair:1   | Reached XP level 9. HP: 81/81 MP: 19/19
  3349 | Lair:1   | HP: 2/81 [black mamba (15)]
  3351 | Lair:1   | Mangled by a black mamba

Action                   |  1- 3 |  4- 6 |  7- 9 || total
-------------------------+-------+-------+-------++-------
Melee: Unarmed           |    57 |    62 |    49 ||   168
       Dagger            |       |       |   107 ||   107
 Cast: Sandblast         |    28 |    70 |    42 ||   140
       Stone Arrow       |       |       |     1 ||     1
 Abil: Breathe Sticky Fl |       |       |    18 ||    18
Evoke: Wand              |       |       |     1 ||     1
  Use: Potion            |     7 |     1 |     3 ||    11
       Scroll            |       |     4 |     5 ||     9
 Stab: Sleeping          |       |       |     2 ||     2
